Match 38860706
Unlisted

Match 38860706
End
Kradschützen Motorcycle Team
Selects Italian Infantry
Panzergrenadier Squad
Construct Light Support Kompanie
MG34 Team
Fire Support Elements
2.5-tonne Medical Truck
Veteran Squad Leaders
le.IG 18 Support Gun Team
Selects Guastatori Squad
Guastatori Squad
Construct Panzerarmee Kommand
Selects Defensive Operations
Selects Registered Artillery
Tungsten Core Ammunition
Panzer III L Medium Tank
Forward Retreat Point
Panzer III L Medium Tank
Emergency Repair Kits
karchard1993
Tanith's Finest
Derrick6109
BabyFist33
0
0

Comments sign in to comment!

No comments posted yet!